 Dungeon Crawl Stone Soup version 0.25-a0-410-g53dbb631d1 (webtiles) character file.

Game seed: 15643919995747954840, levelgen mode: deterministic

143 MisterFreud the Cutter (level 5, 0/47 HPs)
             Began as a Gnoll Chaos Knight on Jan 13, 2020.
             Was a Plaything of Xom.
             Succumbed to an adder's poison
             ... on level 3 of the Dungeon.
             The game lasted 00:02:47 (1884 turns).

MisterFreud the Cutter (Gnoll Chaos Knight)         Turns: 1884, Time: 00:02:47

Health: 0/47       AC:  5    Str: 14    XL:     5   Next: 25%
Magic:  6/7        EV: 13    Int: 16    God:    Xom [*.....]
Gold:   70         SH:  0    Dex: 14    Spells: 6/6 levels left

rFire    . . .     SeeInvis .   h - +2 short sword (flame)
rCold    . . .     Gourm    .   (no shield)
rNeg     . . .     Faith    .   b - +2 leather armour
rPois    .         Spirit   .   (no helmet)
rElec    .         Reflect  .   (no cloak)
rCorr    .         Harm     .   (no gloves)
MR       .....                  (no boots)
Stlth    ++........             (no amulet)
HPRegen  0.15/turn              (no ring)
MPRegen  0.10/turn              (no ring)

@: lethally poisoned (0 -> -2)
A: distributed training, fangs 1, strong nose
a: Renounce Religion


You were on level 3 of the Dungeon.
You worshipped Xom.
You were a special plaything of Xom.
You were not hungry.

You visited 1 branch of the dungeon, and saw 3 of its levels.

You collected 70 gold pieces.

Inventory:

Hand Weapons
 h - a +2 short sword of flaming (weapon)
Missiles
 e - 85 stones (quivered)
 g - 2 throwing nets
 i - 48 bolts
 u - 11 sling bullets
 w - 3 poisoned darts
Armour
 b - a +2 leather armour (worn)
Scrolls
 a - a scroll of identify {unknown}
 l - a scroll of fog {unknown}
 m - a scroll of remove curse
 n - a scroll of immolation {unknown}
 q - a scroll of teleportation {unknown}
 r - a scroll of enchant weapon {unknown}
 t - a scroll of blinking {unknown}
Potions
 d - a potion of flight {unknown}
 f - a potion of degeneration {unknown}
 j - a potion of heal wounds {unknown}
 k - a potion of brilliance {unknown}
 o - a potion of might {unknown}
 p - a potion of cancellation {unknown}
 s - a potion of haste {unknown}
Comestibles
 c - 5 rations
 v - 3 chunks of flesh


   Skills:
 + Level 6.6 Fighting
 + Level 6.6 Short Blades
 + Level 1.4 Long Blades
 + Level 1.4 Axes
 + Level 1.4 Maces & Flails
 + Level 1.4 Polearms
 + Level 1.4 Staves
 + Level 1.4 Slings
 + Level 1.4 Bows
 + Level 1.4 Crossbows
 + Level 1.4 Throwing
 + Level 4.7 Armour
 + Level 2.9 Dodging
 + Level 1.4 Stealth
 + Level 1.4 Shields
 + Level 1.4 Unarmed Combat
 + Level 1.4 Spellcasting
 + Level 1.1 Conjurations
 + Level 1.1 Hexes
 + Level 1.1 Charms
 + Level 1.1 Summonings
 + Level 1.1 Necromancy
 + Level 1.1 Translocations
 + Level 1.1 Transmutations
 + Level 1.1 Fire Magic
 + Level 1.1 Ice Magic
 + Level 1.1 Air Magic
 + Level 1.1 Earth Magic
 + Level 1.1 Poison Magic
 + Level 1.5 Invocations
 + Level 1.4 Evocations


You had 6 spell levels left.
You didn't know any spells.
Your spell library was empty.

Dungeon Overview and Level Annotations

Branches:
Dungeon (3/15)

Altars:
Fedhas


Innate Abilities, Weirdness & Mutations

Your experience applies equally to all skills.
You have very sharp teeth.
Your uncanny sense of smell can sniff out nearby items.


Message History

Xom is mildly amused.
You hit the goblin. You burn the goblin.
You kill the goblin!
The adder closely misses you.
You closely miss the adder. Your bite misses the adder.
The adder is almost dead.
* * * LOW HITPOINT WARNING * * *
You feel sick. The adder bites you.
* * * LOW HITPOINT WARNING * * *
You miss the adder.
The adder is almost dead.
Your butterfly degenerates into a cloud of primal chaos!
The adder bites you but does no damage.
Your butterfly disappears in a puff of smoke!
You hit the adder. You burn the adder.
You kill the adder!
You hit the goblin. You burn the goblin.
You kill the goblin!
You die...
Xom titters!

..........................
.............###..........
............##.##......$..
.......)....#?..#†........
.....)÷.....##.##.........
......#......#'###)#..#.#
......#..#####r##.b##.# #
........##..lr#)).$.#.#
........#.!..o##@[..#.#
......#.#%$...###..##.#
......#.#.)..$+.####..#
......#.##.?.##.......#
####### .#####.##.###.#
#...$.# #.# .#∆ ...... ..#
.# #### ##


You could see an orc, a frilled lizard and 2 rats.

Vanquished Creatures
  8 adders
  2 oozes (D:1)
  2 worms
  A leopard gecko (D:2)
  3 orcs (D:3)
  2 ball pythons
  2 giant cockroaches (D:1)
  8 goblins
  4 hobgoblins
  2 quokkas (D:3)
  3 bats
  4 frilled lizards
  9 kobolds
  8 rats
58 creatures vanquished.

Notes
Turn   | Place    | Note
-------+----------+-------------------------------------------
     0 | D:1      | MisterFreud the Gnoll Chaos Knight began the quest for the
                  | Orb.
     0 | D:1      | Reached XP level 1. HP: 23/23 MP: 1/1
    21 | D:1      | XOM: harmless Tmut miscast
   100 | D:1      | XOM: divination: magic mapping
   103 | D:1      | Reached XP level 2. HP: 25/29 MP: 2/2
   415 | D:1      | XOM: 2-stop teleportation journey
   459 | D:1      | Reached XP level 3. HP: 35/35 MP: 3/3
   488 | D:1      | XOM: cloud trail
   719 | D:1      | XOM: harmless Pois miscast
   729 | D:1      | XOM: divination: magic mapping
   777 | D:1      | XOM: harmless Hex miscast
   891 | D:2      | Reached skill level 1 in Invocations
   972 | D:2      | Found a blossoming altar of Fedhas.
   977 | D:2      | Reached skill level 1 in Long Blades
   977 | D:2      | Reached skill level 1 in Axes
   977 | D:2      | Reached skill level 1 in Maces & Flails
   977 | D:2      | Reached skill level 1 in Polearms
   977 | D:2      | Reached skill level 1 in Staves
   977 | D:2      | Reached skill level 1 in Slings
   977 | D:2      | Reached skill level 1 in Bows
   977 | D:2      | Reached skill level 1 in Crossbows
   977 | D:2      | Reached skill level 1 in Throwing
   977 | D:2      | Reached skill level 1 in Stealth
   977 | D:2      | Reached skill level 1 in Shields
   977 | D:2      | Reached skill level 1 in Unarmed Combat
   977 | D:2      | Reached skill level 1 in Spellcasting
   977 | D:2      | Reached skill level 1 in Evocations
   977 | D:2      | Reached XP level 4. HP: 25/41 MP: 5/5
  1028 | D:2      | XOM: silly message
  1743 | D:3      | Reached skill level 1 in Conjurations
  1743 | D:3      | Reached skill level 1 in Hexes
  1743 | D:3      | Reached skill level 1 in Charms
  1743 | D:3      | Reached skill level 1 in Summonings
  1743 | D:3      | Reached skill level 1 in Necromancy
  1743 | D:3      | Reached skill level 1 in Translocations
  1743 | D:3      | Reached skill level 1 in Transmutations
  1743 | D:3      | Reached skill level 1 in Fire Magic
  1743 | D:3      | Reached skill level 1 in Ice Magic
  1743 | D:3      | Reached skill level 1 in Air Magic
  1743 | D:3      | Reached skill level 1 in Earth Magic
  1743 | D:3      | Reached skill level 1 in Poison Magic
  1844 | D:3      | XOM: 2-stop teleportation journey
  1863 | D:3      | XOM: butterfly on damage
  1864 | D:3      | Reached XP level 5. HP: 30/47 MP: 6/6
  1880 | D:3      | HP: 1/47 [adder (2)]
  1884 | D:3      | Succumbed to an adder's poison

Levels and vault maps discovered:
D:1:      dpeg_arrival_prison, layout_basic
D:2:      layout_loops_corners, lemuel_round_altar, first_ration
D:3:      layout_basic, minmay_joined_circles

Skill      XL: |  1  2  3  4 |
---------------+-------------+-----
Invocations    | 1 |  1.5
Long Blades    | 1 |  1.4
Axes           | 1 |  1.4
Maces & Flails | 1 |  1.4
Polearms       | 1 |  1.4
Staves         | 1 |  1.4
Slings         | 1 |  1.4
Bows           | 1 |  1.4
Crossbows      | 1 |  1.4
Throwing       | 1 |  1.4
Stealth        | 1 |  1.4
Shields        | 1 |  1.4
Unarmed Combat | 1 |  1.4
Spellcasting   | 1 |  1.4
Evocations     | 1 |  1.4
Conjurations   | 1 |  1.1
Hexes          | 1 |  1.1
Charms         | 1 |  1.1
Summonings     | 1 |  1.1
Necromancy     | 1 |  1.1
Translocations | 1 |  1.1
Transmutations | 1 |  1.1
Fire Magic     | 1 |  1.1
Ice Magic      | 1 |  1.1
Air Magic      | 1 |  1.1
Earth Magic    | 1 |  1.1
Poison Magic   | 1 |  1.1
Fighting       | |  6.6
Short Blades   | |  6.6
Armour         | |  4.7
Dodging        | |  2.9

Action                   |  1- 3 |  4- 6 || total
-------------------------+-------+-------++-------
Melee: Short sword       |   106 |    75 ||   181
       Bite              |    12 |     6 ||    18
  Use: Scroll            |     2 |       ||     2
 Stab: Sleeping          |     2 |       ||     2
  Eat: Chunk             |       |     3 ||     3
Armor: Leather armour    |    26 |    19 ||    45
Dodge: Dodged            |    48 |    39 ||    87

Table legend:
 A = Non-vault XP
 B = Vault XP
 C = Vault XP percentage of total XP
 D = Non-vault monster count
 E = Vault monster count
 F = Vault count percentage of total count
                 A         B        C        D         E       F
            +---------+---------+-------+---------+---------+-------
      Total |     155 |      50 |  24.4 |      45 |      13 |  22.4
            +---------+---------+-------+---------+---------+-------
        D:1 |      42 |       2 |   4.5 |      22 |       1 |   4.3
        D:2 |      73 |       0 |   0.0 |      13 |       0 |   0.0
        D:3 |      40 |      48 |  54.5 |      10 |      12 |  54.5
            +---------+---------+-------+---------+---------+-------
